AoeStats
← janos.zachow

Oasis

509690529Analyzed
3v3 RM · 5d ago on Sep 27, 2026· 54m 15s· 6 players
Game mode
Random Map
Map size
Normal (6 player)
Population
200
Speed
Normal
Resources
Standard
Victory
Conquest
Starting age
Dark Age
Ending age
Imperial Age
RankedLock teamsTeams togetherTeam positionsShared explorationLock speedFull tech treeHidden civsTurbo modeCheats
Victory
Defeat
🇧🇷 Byzantines · Brazil
1089
+15
🇧🇷 Saracens · Brazil
1061
+16
🇧🇷 Chinese · Brazil
1048
+17
🇩🇪 Danes · Germany
1131
-18
🇩🇪 Saracens · Germany
1110
-18
🇩🇪 Byzantines · Germany
965
-12
Dioin
10:10 Feudal Age
8:48 Loom
15:09 Castle Age
14:27 Stone Mining
17:05 Forging
17:18 Horse Collar
17:27 Double-Bit Axe
20:45 Heavy Plow
21:48 Scale Barding Armor
27:34 Gold Mining
28:41 Wheelbarrow
30:54 Town Watch
32:16 Hand Cart
32:18 Caravan
32:48 Coinage
36:39 Imperial Age
37:41 Gold Shaft Mining
38:39 Chemistry
37:06 Elite Mameluke
38:02 Counterweights
38:42 Siege Engineers
39:21 Iron Casting
39:06 Chain Barding Armor
40:54 Conscription
40:21 Light Cavalry
41:11 Bloodlines
41:02 Husbandry
42:15 Elite Skirmisher
43:00 Thumb Ring
44:51 Fletching
45:02 Padded Archer Armor
46:02 Blast Furnace
45:37 Plate Barding Armor
48:18 Banking
48:55 Hussar
53:52 Capped Ram
jonasks_simoes
3:16 Loom
12:37 Feudal Age
12:49 Man-at-Arms
17:37 Wheelbarrow
20:32 Castle Age
23:44 Double-Bit Axe
24:58 Bow Saw
25:59 Long Swordsman
28:38 Horse Collar
29:26 Stone Mining
30:50 Fletching
31:10 Crossbowman
33:40 Heavy Plow
34:24 Ballistics
34:47 Stone Shaft Mining
34:55 Hand Cart
35:22 Bodkin Arrow
35:29 Padded Archer Armor
39:07 Imperial Age
36:32 Gold Mining
37:09 Leather Archer Armor
40:58 Scale Barding Armor
40:54 Bracer
43:26 Chemistry
43:31 Elite Skirmisher
45:47 Thumb Ring
48:51 Thumb Ring
51:24 Onager
53:28 Two-Man Saw
54:21 Murder Holes
Taxista
0:29 Loom
11:56 Feudal Age
14:33 Double-Bit Axe
15:34 Bloodlines
16:20 Scale Mail Armor
16:30 Forging
17:07 Scale Barding Armor
18:06 Horse Collar
26:10 Castle Age
29:20 Wheelbarrow
28:59 Bow Saw
28:52 Heavy Plow
28:52 Stone Mining
28:52 Gold Mining
30:02 Gold Mining
31:50 Stone Shaft Mining
31:51 Gold Shaft Mining
32:39 Gold Shaft Mining
36:51 Squires
36:36 Arson
38:13 Fletching
38:24 Padded Archer Armor
38:59 Iron Casting
38:39 Chain Mail Armor
41:02 Imperial Age
38:55 Hand Cart
39:20 Ballistics
39:10 Caravan
39:38 Bodkin Arrow
39:59 Leather Archer Armor
41:40 Thumb Ring
44:37 Elite Fire Lancer
46:10 Bracer
46:40 Ring Archer Armor
47:10 Blast Furnace
46:41 Plate Mail Armor
48:58 Coinage
48:14 Elite Chu Ko Nu
49:44 Chain Barding Armor
49:55 Plate Mail Armor
49:55 Ring Archer Armor
50:02 Town Watch
51:26 Two-Man Saw
50:39 Light Cavalry
51:20 Husbandry
53:54 Ring Archer Armor
54:18 Heated Shot
55:32 Chemistry
54:23 Heated Shot
54:38 Town Patrol
54:35 Murder Holes
54:50 Fortified Wall
54:51 Masonry
55:20 Plate Barding Armor
Delirio
6:42 Loom
9:13 Feudal Age
9:50 Double-Bit Axe
14:10 Man-at-Arms
19:50 Castle Age
17:44 Horse Collar
20:20 Bloodlines
21:11 Bow Saw
23:29 Wheelbarrow
25:59 Husbandry
26:10 Bloodlines
25:53 Fletching
26:04 Padded Archer Armor
26:28 Hand Cart
26:51 Bodkin Arrow
27:48 Leather Archer Armor
29:43 Heavy Plow
29:34 Gold Mining
31:34 Thumb Ring
30:56 Pikeman
31:36 Squires
31:25 Arson
32:43 Gold Shaft Mining
36:11 Imperial Age
36:01 Arson
36:01 Gambesons
37:10 Stone Mining
36:51 Cranequins
36:55 Onager
37:38 Town Watch
39:18 Conscription
38:42 Heavy Mounted Crossbowman
38:55 Siege Onager
40:00 Halberdier
43:27 Bracer
43:14 Northmen's Fury
44:05 Town Patrol
43:55 Hamask
45:27 Siege Engineers
45:43 Ballistics
46:30 Chemistry
46:11 Elite Varangian Guard
47:45 Scale Mail Armor
47:56 Forging
48:48 Capped Ram
51:13 Caravan
53:31 Elite Skirmisher
janos.zachow
8:00 Loom
10:09 Feudal Age
11:56 Double-Bit Axe
17:16 Fletching
17:28 Padded Archer Armor
20:38 Horse Collar
25:26 Castle Age
27:12 Forging
27:03 Scale Mail Armor
26:26 Pikeman
27:18 Squires
30:17 Bow Saw
30:16 Crossbowman
33:57 Gold Mining
37:25 Gold Shaft Mining
37:55 Bodkin Arrow
38:48 Heavy Plow
39:27 Town Watch
41:28 Thumb Ring
42:54 Wheelbarrow
43:06 Leather Archer Armor
45:43 Hand Cart
47:12 Scale Barding Armor
48:28 Chain Barding Armor
53:40 Ballistics
Albus Pendragon
12:02 Feudal Age
13:06 Double-Bit Axe
16:02 Horse Collar
18:39 Castle Age
18:47 Forging
20:08 Pikeman
20:50 Squires
21:35 Bow Saw
29:09 Iron Casting
32:30 Wheelbarrow
31:41 Loom
33:44 Horse Collar
34:01 Fletching
34:21 Thumb Ring
33:36 Elite Skirmisher
34:44 Hand Cart
35:56 Gold Mining
35:59 Stone Mining
40:57 Bodkin Arrow
41:03 Padded Archer Armor
41:04 Scale Mail Armor
43:42 Imperial Age
45:24 Heavy Plow
45:47 Conscription
45:38 Logistica
47:04 Halberdier
Connection lost

Rejoining the realm…

Still unreachable

The connection could not be restored.

Session expired

The server has moved on; the page needs a fresh start.